 Dungeon Crawl Stone Soup version 0.24.0-13-gcf9b3192b9 (webtiles) character file.

Game seed: 2818195540432737429, levelgen mode: classic

238 EnegeticOcto the Chopper (level 5, -1/47 HPs)
             Began as a Minotaur Fighter on Nov 9, 2019.
             Was an Initiate of Makhleb.
             Slain by Grinder (2 damage)
             ... while paralysed by Grinder
             ... on level 3 of the Dungeon.
             The game lasted 00:01:34 (2064 turns).

EnegeticOcto the Chopper (Minotaur Fighter)         Turns: 2064, Time: 00:01:34

Health: -1/47      AC: 10    Str: 21    XL:     5   Next: 78%
Magic:  5/5        EV:  2    Int:  5    God:    Makhleb [......]
Gold:   165        SH:  0    Dex: 10    Spells: 4/4 levels left

rFire    . . .     SeeInvis .   a - +0 war axe
rCold    + . .     Gourm    .   c - +0 shield
rNeg     . . .     Faith    .   b - +0 scale mail
rPois    .         Spirit   .   (helmet restricted)
rElec    .         Reflect  .   s - +0 cloak
rCorr    .         Harm     .   p - +1 pair of gloves
MR       .....                  (no boots)
Stlth    ..........             (no amulet)
HPRegen  0.15/turn              l - ring of protection from cold
MPRegen  0.09/turn              (no ring)

@: paralysed
A: retaliatory headbutt, horns 2
a: Renounce Religion


You were on level 3 of the Dungeon.
You worshipped Makhleb.
Makhleb was noncommittal.
You were hungry.

You visited 1 branch of the dungeon, and saw 3 of its levels.

You collected 165 gold pieces.

Inventory:

Hand Weapons
 a - a +0 war axe (weapon)
Armour
 b - a +0 scale mail (worn)
 c - a +0 shield (worn)
 p - a +1 pair of gloves (worn)
 s - a +0 cloak (worn)
Jewellery
 l - a ring of protection from cold (left hand)
 n - a cursed -4 ring of intelligence {unknown}
 x - an uncursed ring of protection from magic {unknown}
Wands
 o - a wand of polymorph (8)
Scrolls
 f - 4 scrolls of identify {unknown}
 g - 2 scrolls of teleportation {unknown}
 k - a scroll of random uselessness {unknown}
 q - a scroll of fog {unknown}
 r - 3 scrolls of remove curse {unknown}
 u - a scroll of noise {unknown}
 v - a scroll of blinking {unknown}
Potions
 d - a potion of might {@q3 !q}
 h - 2 potions of heal wounds {unknown}
 i - 2 potions of flight {unknown}
 j - 2 potions of agility {unknown}
 m - a potion of curing {unknown}
 t - a potion of resistance {unknown}
 w - a potion of brilliance {unknown}
Comestibles
 e - 3 rations


   Skills:
 + Level 4.4 Fighting
 * Level 4.6 Axes
 + Level 4.5 Armour
 + Level 2.0 Dodging
 + Level 4.4 Shields
 * Level 1.4 Invocations


You had 4 spell levels left.
You didn't know any spells.
Your spell library contained the following spells:

 Spells                   Type           Power        Failure   Level  Hunger
 Magic Dart               Conj           #...         99%         1    ##.....
 Searing Ray              Conj           #.....       100%        2    ###....
 Dazzling Spray           Conj/Hex       #.....       100%        3    ####...
 Force Lance              Conj/Tloc      #.......     100%        4    #####..
 Fulminant Prism          Conj/Hex       #.........   100%        4    #####..
 Iskenderun's Mystic Bla  Conj           #.......     100%        4    #####..


Dungeon Overview and Level Annotations

Branches:
Dungeon (3/15)

Altars:
Fedhas
Makhleb

Annotations:
D:3 Grinder


Innate Abilities, Weirdness & Mutations

You reflexively headbutt those who attack you in melee.
You have a pair of horns on your head.


Message History

r - 3 scrolls labeled IHAICV EDOMI (gained 1)
There is an open door here.
Grinder comes into view.
Grinder shouts!
You closely miss Grinder. You block Grinder's attack.
Grinder hits you but does no damage.
You slash Grinder!
Grinder is lightly wounded.
Grinder barely misses you. You furiously retaliate!
You headbutt Grinder. You closely miss Grinder. You headbutt Grinder.
Grinder is moderately wounded.
Grinder hits you.
You closely miss Grinder.
Grinder is moderately wounded.
Grinder gestures at you.
You suddenly lose the ability to move!
Grinder hits you.
You writhe in agony.
Grinder hits you.
You writhe in agony.
Grinder blinks!
Grinder hits you but does no damage.
You can move again.
Your shield and scale mail prevent you from hitting Grinder.
Your headbutt misses Grinder.
Grinder is moderately wounded.
Grinder barely misses you. You furiously retaliate!
You headbutt Grinder. You closely miss Grinder. Your headbutt misses Grinder.
Grinder is heavily wounded.
Grinder hits you.
You hit Grinder. You headbutt Grinder.
Grinder is heavily wounded.
Grinder hits you but does no damage. Grinder hits you.
You barely miss Grinder. Your headbutt misses Grinder.
Grinder is heavily wounded.
You block Grinder's attack.
You closely miss Grinder.
Grinder is heavily wounded.
Grinder hits you but does no damage. x2
You hit Grinder but do no damage.
Grinder is heavily wounded.
Grinder blinks!
No target in view!
No target in view!
No target in view!
No target in view!
No target in view!
No target in view!
No target in view!
Grinder gestures at you. You resist with significant effort.
Grinder is nearby!
Grinder is nearby!
You block Grinder's attack.
You barely miss Grinder.
Grinder is heavily wounded.
Grinder gestures at you.
You suddenly lose the ability to move!
Grinder hits you!
Grinder says, "Mostly I couldn't keep them alive."
Grinder hits you.
You writhe in agony.
Grinder hits you.
You writhe in agony.
Grinder hits you but does no damage.
You can move again.
You are too injured to fight recklessly!
You are too injured to fight recklessly!
You are too injured to fight recklessly!
You are too injured to fight recklessly!
You are too injured to fight recklessly!
You are too injured to fight recklessly!
You barely miss Grinder. Your headbutt misses Grinder.
Grinder is heavily wounded.
Grinder hits you but does no damage.
You slash Grinder!
Grinder is almost dead.
Grinder blinks! x2
Grinder gestures at you.
You suddenly lose the ability to move!
Grinder says, "You look like you could use a good racking."
Grinder gestures at you. Pain shoots through your body!
* * * LOW HITPOINT WARNING * * *
Grinder blinks!
You can move again.
You barely miss Grinder. You headbutt Grinder.
Grinder is almost dead.
Grinder gestures at you. Pain shoots through your body!
* * * LOW HITPOINT WARNING * * *
Grinder blinks!
You closely miss Grinder. You headbutt Grinder, but do no damage.
Grinder is almost dead.
Grinder gestures at you.
You suddenly lose the ability to move!
Grinder gestures at you.
You shrug off the repeated paralysis!
Grinder gestures at you.
You shrug off the repeated paralysis!
Grinder hits you but does no damage. Grinder hits you!
* * * LOW HITPOINT WARNING * * *
You writhe in agony.
You die...

#.#.#...................
###.#.#####..........#....
#...#.# #..........#....
#.###.#####..........#....
#.#.......#..........#....
########.#.#.###.#..........#....
.........#.#.###.#####+####.#....
#.#####..#......5......# ##.#..))
#.# #..###.###@####### #..+<..)
#.# #..# #.# #.# #..#.... #.#
#..# #.# #.# #..#.... #.#
#..###.# #.# #..#...[ #.#
#.(..#.# #.# #..####.
#.######.#.#.# #.# #.......
.............###.##########.#####
########...#................#
###.#.###.############


You could see Grinder.

Vanquished Creatures
  A bullfrog zombie (D:2)
  An orc priest (D:3)
  Terence (D:2)
  Ijyb (D:3)
  A worker ant (D:2)
  3 adders
  An ooze (D:3)
  2 worms
  A dart slug (D:2)
  A leopard gecko (D:2)
  3 orcs (D:3)
  A giant cockroach (D:1)
  5 goblins
  6 hobgoblins
  2 jackals (D:1)
  11 kobolds
  A quokka (D:2)
  2 ball pythons
  11 bats
  7 frilled lizards
  5 rats
67 creatures vanquished.

Notes
Turn   | Place    | Note
-------+----------+-------------------------------------------
     0 | D:1      | EnegeticOcto the Minotaur Fighter began the quest for the
                  | Orb.
     0 | D:1      | Reached XP level 1. HP: 19/19 MP: 0/0
   167 | D:1      | Reached XP level 2. HP: 27/27 MP: 1/1
   908 | D:2      | Reached XP level 3. HP: 33/33 MP: 2/2
  1040 | D:2      | Reached skill level 1 in Dodging
  1133 | D:2      | Reached XP level 4. HP: 40/40 MP: 3/3
  1213 | D:2      | Found a burning altar of Makhleb.
  1214 | D:2      | Found a blossoming altar of Fedhas.
  1225 | D:2      | Became a worshipper of Makhleb the Destroyer
  1338 | D:2      | Noticed Terence
  1349 | D:2      | Killed Terence
  1349 | D:2      | Reached XP level 5. HP: 45/46 MP: 4/4
  1427 | D:3      | Reached skill level 1 in Invocations
  1670 | D:3      | Noticed Ijyb
  1682 | D:3      | Killed Ijyb
  2020 | D:3      | Noticed Grinder
  2026 | D:3      | Paralysed by Grinder for 5 turns
  2040 | D:3      | Paralysed by Grinder for 5 turns
  2049 | D:3      | Paralysed by Grinder for 7 turns
  2061 | D:3      | Paralysed by Grinder for 4 turns
  2064 | D:3      | HP: 1/47 [Grinder (7)]
  2064 | D:3      | Slain by Grinder

Levels and vault maps discovered:
D:1:      scummos_arrival_hexagon, layout_basic, minivault_4
D:2:      layout_rooms, gammafunk_temple_overflow_pools, first_ration,
          kennysheep_generic_room_9, uniq_terence
D:3:      layout_basic, uniq_ijyb, uniq_sigmund, uniq_grinder

Skill      XL: |  1  2  3  4  5 |
---------------+----------------+-----
Axes           | 3 4 |  4.6
Armour         | 4 |  4.5
Fighting       | 4 |  4.4
Dodging        | 1 2 |  2.0
Shields        | 4 |  4.4
Invocations    | 1 |  1.4

Action                   |  1- 3 |  4- 6 || total
-------------------------+-------+-------++-------
Melee: War axe           |    86 |    72 ||   158
       Headbutt          |     8 |    11 ||    19
       Unarmed           |       |     7 ||     7
  Eat: Chunk             |     1 |     2 ||     3
Armor: Scale mail        |    37 |    38 ||    75
       Skin              |       |     3 ||     3
Dodge: Dodged            |    33 |    25 ||    58
Block: Shield            |    60 |    37 ||    97
